 Dungeon Crawl Stone Soup version 0.30.1-11-g7821555f0a (webtiles) character file.

Game seed: 12506412163648701333

3 CaptainMV the Cutter (level 1, -2/15 HPs)
             Began as a Naga Wanderer on Nov 7, 2023.
             Slain by a quokka (3 damage)
             ... on level 1 of the Dungeon.
             The game lasted 00:02:09 (91 turns).

CaptainMV the Cutter (Naga Wanderer)                  Turns: 91, Time: 00:02:09

Health: -2/15      AC:  1    Str: 12    XL:     1   Next: 50%
Magic:  2/2        EV:  9    Int: 11    God:
Gold:   23         SH:  0    Dex: 13    Spells: 2/2 levels left

rFire   . . .        a - +2 spear
rCold   . . .        (no shield)
rNeg    . . .        f - +0 leather armour
rPois   +            (no helmet)
rElec   .            (no cloak)
rCorr   .            (no gloves)
SInv    +            (no barding)
Will    .....        (no amulet)
Stlth   +            (no ring)
HPRegen 0.22/turn    (no ring)
MPRegen 0.08/turn

%: no passive effects
@: very slow
A: AC +0, large, see invisible, deformed body, poison resistance, slowness 2,
spit poison 1, naga tail 1
a: Spit Poison


You were on level 1 of the Dungeon.
You visited 1 branch of the dungeon, and saw 1 of its levels.

You collected 23 gold pieces.

Inventory:

Hand Weapons
 a - a +2 spear (weapon)
 b - a +0 short sword
 d - a +0 dagger
Missiles
 c - 10 boomerangs (quivered)
Armour
 f - a +0 leather armour (worn)
Scrolls
 h - a scroll of amnesia
Potions
 e - a potion of haste


   Skills:
 + Level 3.0 Short Blades
 + Level 2.0 Polearms
 + Level 2.0 Throwing
 + Level 1.0 Armour
 * Level 1.0 Dodging
 + Level 1.0 Spellcasting


You had 2 spell levels left.
You didn't know any spells.
Your spell library contained the following spells:

 Spells                   Type           Power      Damage    Failure   Level
 Tukima's Dance           Hex            0%         N/A       77%         3
 Passage of Golubria      Tloc           0%         N/A       99%         4
 Yara's Violent Unravell  Hex/Tmut       0%         3d3       100%        5


Dungeon Overview and Level Annotations

Branches:
Dungeon (1/15)

Altars:


Innate Abilities, Weirdness & Mutations

Your serpentine skin is tough. (AC +0)
You have supernaturally acute eyesight. (SInv)
Armour fits poorly on your strangely shaped body.
Your system is resistant to poisons. (rPois)
You cover ground very slowly.
You can spit poison.
You have a snake-like lower body.


Message History

It is a scroll of identify.
h - a scroll of amnesia You pick up Great Wizards, Vol.
VII and begin reading...
You add the spells Tukima's Dance, Passage of Golubria and Yara's Violent Unravelling to your library.
Okay, then.
A quokka and a rat come into view.
Reach: a) +2 spear
Press: ? - help, Dir - move target, f - rat
Aim: a rat (about 37% to evade your +2 spear)
You reach to attack!
You completely miss the rat.
Reach: a) +2 spear
Press: ? - help, Dir - move target, f/p - rat
Aim: a rat (about 37% to evade your +2 spear)
You closely miss the rat. The rat closely misses you.
Reach: a) +2 spear
Press: ? - help, Dir - move target, f - quokka, p - rat
Aim: a quokka (about 47% to evade your +2 spear)
You hit the quokka.
The quokka is moderately wounded.
The quokka bites you. The rat bites you. The quokka bites you.
Reach: a) +2 spear
Press: ? - help, Dir - move target, f/p - quokka
Aim: a quokka (moderately wounded, about 47% to evade your +2 spear)
You hit the quokka.
The quokka is heavily wounded.
The rat barely misses you. The quokka bites you.
Reach: a) +2 spear
Press: ? - help, Dir - move target, f/p - quokka
Aim: a quokka (heavily wounded, about 47% to evade your +2 spear)
You barely miss the quokka.
The quokka is heavily wounded.
The rat bites you.
* * * LOW HITPOINT WARNING * * *
The quokka misses you.
You barely miss the quokka.
The quokka is heavily wounded.
The rat bites you.
* * * LOW HITPOINT WARNING * * *
The quokka bites you.
You die...

#### ...# ##### ...#
#...
...#############.#######
........................
...#############.###.###
......# #..@# ....#..#
#.#rr.# ....# .# #.#.#.#
....# .. # #.#.# .†..#
.# #.# # ....# . #.#
....# #.# .... #.#


You could see a quokka and a rat.

Vanquished Creatures
  2 endoplasms (D:1)
  A ball python (D:1)
3 creatures vanquished.

Notes
Turn   | Place    | Note
-------+----------+-------------------------------------------
     0 | D:1      | CaptainMV the Naga Wanderer began the quest for the Orb.
     0 | D:1      | CaptainMV set off with the following items: a +2 spear, a
                  | +0 short sword, 10 boomerangs, a +0 dagger, a potion of
                  | haste, a +0 leather armour.
     0 | D:1      | Reached XP level 1. HP: 15/15 MP: 2/2
    91 | D:1      | Slain by a quokka

Illustrated notes

Levels and vault maps discovered:
D:1:      dpeg_arrival_stone_temple_mockup, layout_basic, serial_shops, shop

Skill      XL: |  1 |
---------------+----+-----
Throwing       | 2 |  2.0
Short Blades   | |  3.0
Polearms       | |  2.0
Armour         | |  1.0
Dodging        | |  1.0
Spellcasting   | |  1.0

Action                     || total
---------------------------++-------
  Melee: Spear             ||     9
  Throw: Boomerang         ||     1
    Use: Scroll            ||     1
  Dodge: Dodged            ||     4
